 Dungeon Crawl Stone Soup version 0.28.0 (webtiles) character file.

Game seed: 15876251872275510260

11628 Orthodox the Basher (level 11, -1/86 (90) HPs)
             Began as a Demonspawn Fighter on Feb 8, 2022.
             Was an Elder of Okawaru.
             Slain by Urug (6 damage)
             ... on level 10 of the Dungeon.
             The game lasted 01:06:03 (21366 turns).

Orthodox the Basher (Demonspawn Fighter)           Turns: 21366, Time: 01:06:04

HP:   -1/86 (90)    AC: 10    Str: 20    XL:     11   Next: 51%
MP:   10/12         EV: 17    Int: 11    God:    Okawaru [****..]
Gold: 586           SH:  6    Dex: 12    Spells: 10/10 levels left

rFire   . . .      SeeInvis +   a - +1 mace (vorpal)
rCold   . . .      Faith    .   c - +0 buckler
rNeg    . . .      Spirit   .   j - +0 acid dragon scales
rPois   .          Reflect  .   (helmet unavailable)
rElec   .          Harm     .   (no cloak)
rCorr   +          Rampage  .   x - +0 pair of gloves
Will    .....                   (no boots)
Stlth   ++........              (no amulet)
HPRegen 0.24/turn               (no ring)
MPRegen 0.13/turn               (no ring)

@: heroic, lightly drained
A: antennae 3, repulsion field 1, condensation shield
a: Renounce Religion, Heroism, Finesse


You were on level 10 of the Dungeon.
You worshipped Okawaru.
Okawaru was greatly pleased with you.
You visited 3 branches of the dungeon, and saw 12 of its levels.

You collected 586 gold pieces.

Inventory:

Hand Weapons
 a - a +1 vorpal mace (weapon)
 k - a +1 whip of flaming
Missiles
 b - 3 boomerangs (quivered)
Armour
 c - a +0 buckler (worn)
 j - +0 acid dragon scales (worn)
 q - the +1 chain mail "Qityl" {rF- rC+++ Int+4 Stlth+}
   (You found it on level 4 of the Dungeon)

   Int:       It affects your intelligence (+4).
   rF:        It makes you vulnerable to fire.
   rC:        It renders you almost immune to cold.
   Stlth:     It makes you more stealthy.
 x - a +0 pair of gloves (worn)
Jewellery
 y - a ring of fire
Scrolls
 f - 5 scrolls of amnesia
 i - 2 scrolls of enchant armour
 l - 2 scrolls of immolation {unknown}
 r - 3 scrolls of fear {unknown}
 s - 4 scrolls of magic mapping
 w - a scroll of brand weapon {unknown}
 z - a scroll of noise {unknown}
 A - a scroll of fog {unknown}
 B - a scroll of identify
Potions
 d - 2 potions of cancellation
 e - a potion of brilliance
 g - 2 potions of curing
 h - a potion of mutation {unknown}
 m - 4 potions of degeneration {unknown}
 n - 2 potions of resistance {unknown}
 o - 4 potions of flight {unknown}
 p - 5 potions of attraction {unknown}
 t - 2 potions of haste {unknown}
 u - a potion of magic {unknown}


   Skills:
 - Level 10.1(15.1) Fighting
 - Level 10.5(15.5) Maces & Flails
 - Level 6.3(11.3) Armour
 + Level 5.7(10.7) Dodging
 - Level 6.3(11.3) Shields
 - Level 2.4 Invocations


You had 10 spell levels left.
You didn't know any spells.
Your spell library contained the following spells:

 Spells                   Type           Power      Damage    Failure   Level
 Apportation              Tloc           0%         N/A       45%         1
 Magic Dart               Conj           0%         1d3       45%         1
 Sandblast                Erth           0%         2d4       45%         1
 Passwall                 Tmut/Erth      0%         N/A       61%         2
 Searing Ray              Conj           0%         2d4       61%         2
 Sublimation of Blood     Necr           0%         N/A       61%         2
 Wereblood                Tmut           0%         N/A       61%         2
 Frozen Ramparts          Ice            0%         1d2       83%         3
 Stone Arrow              Conj/Erth      0%         3d7       83%         3
 Fulminant Prism          Conj/Hex       0%         3d6       99%         4
 Ice Form                 Ice/Tmut       0%         N/A       99%         4
 Animate Skeleton         Necr           Unusable   N/A       N/A         1
 Summon Small Mammal      Summ           Unusable   N/A       N/A         1
 Summon Ice Beast         Ice/Summ       Unusable   N/A       N/A         4
 Summon Hydra             Summ           Unusable   N/A       N/A         7

Dungeon Overview and Level Annotations

Branches:
Dungeon (10/15)            Temple (1/1) D:4            Lair (1/6) D:9
    Orc: D:9-12

Altars:
Ashenzari
Cheibriados
Dithmenos
Elyvilon
Fedhas
Gozag
Hepliaklqana
Kikubaaqudgha
Makhleb
Nemelex Xobeh
Okawaru
Qazlal
Ru
Sif Muna
Trog
Uskayaw
Vehumet
Wu Jian
Xom
Yredelemnul
Zin
The Shining One
Jiyva

Annotations:
D:10 Urug


Innate Abilities, Weirdness & Mutations

You have a pair of large antennae on your head. (SInv)
You are surrounded by a mild repulsion field. (EV +2)
A meltable shield of frost defends you. (SH +0)


Message History

You see here a +0 falchion.
Urug shouts!
Urug throws a javelin.
The javelin barely misses you.
There is a large broken door here.
There is an open door here.
You start waiting.
Urug is nearby!
Urug screams, "Payback for my eye!"
Urug screams, "All you harpies will die!"
There is a stone staircase leading up here.
You gain the combat prowess of a mighty hero.
Urug throws a javelin.
The javelin closely misses you.
Okay, then.
Throw: 3 boomerangs
Press: ? - help, Q - select action, (/) - cycle Shift-Dir - straight line, f - Urug
Aim: Urug, wielding a +1 eveningstar of flaming, wearing a +0 scale mail and quivering javelins (61% to hit)
You throw a boomerang. The boomerang hits Urug!
Urug is lightly wounded.
You sock Urug!
Urug is moderately wounded.
Urug hits you with a +1 eveningstar of flaming!!
Your condensation shield dissipates!
Urug burns you!
You hit Urug.
Urug is moderately wounded.
Urug hits you with a +1 eveningstar of flaming!!
* * * LOW HITPOINT WARNING * * *
Urug burns you!
* * * LOW HITPOINT WARNING * * *
You hit Urug.
Urug is moderately wounded.
Urug closely misses you.
You sock Urug!
Urug is severely wounded.
You sock Urug!
Urug is almost dead.
Urug hits you with a +1 eveningstar of flaming!
* * * LOW HITPOINT WARNING * * *
Urug burns you.
You die...

≈≈≈≈#..............##.........#
...≈#............####.........#
≈≈.≈#............# #.........#
≈≈.≈#.############ #######..####
≈≈.≈#...<######### #...#.......#
≈≈.≈##...........####.#.#.###.#.#
.$.≈##...........'.##.#...#...#.#
....')...........#.##.#####.###.#
....'..........o@#..#...#...#...#
...{#'...........##.#####.#####.#
≈≈.≈##...........##.'...÷.#...#.#
≈≈.≈ #...........####.#####.#.#.#
≈≈.≈ #...........# #.......#...#
≈≈.≈ #...........# #######'#####
...≈ ########'#### #...# ≈≈≈≈ ..#
#.### # ## ####.######


You could see Urug.

Vanquished Creatures
  Josephine (D:10)
  Pikel (D:7)
  2 ugly things (D:9)
  A cyclops (D:7)
  Joseph (D:7)
  2 black mambas (Lair:1)
  A komodo dragon (D:10)
  A hornet (D:10)
  A meliai zombie (D:10)
  Sigmund (D:6)
  A shadow (D:9)
  17 yaks
  3 wraiths
  A wyvern (D:6)
  A steam dragon (D:6)
  2 acid dragons
  A water moccasin (D:5)
  An ice beast (D:5)
  2 orc warriors
  2 black bears
  A necrophage (D:6)
  2 ogres
  3 centaurs
  A lemure (D:6)
  2 bullfrogs
  3 scorpions
  17 killer bees
  2 electric eels (D:10)
  16 wights
  A howler monkey (D:4)
  A bullfrog zombie (D:5)
  4 hounds
  4 jellies
  2 centaur skeletons
  5 orc priests
  2 gnoll shamans (D:7)
  3 iguanas
  10 orc wizards
  A killer bee zombie (D:5)
  2 hound skeletons (D:4)
  8 gnolls
  4 adders
  A shadow imp (D:6)
  A white imp (D:8)
  2 ufetubi (D:5)
  An adder skeleton (D:5)
  A worm (D:2)
  2 dart slugs
  22 orcs
  9 ball pythons
  5 endoplasms
  5 giant cockroaches
  8 goblins
  6 hobgoblins
  7 jackals (D:1)
  5 kobolds
  5 quokkas
  8 bats
  5 frilled lizards
  5 rats
235 creatures vanquished.

Vanquished Creatures (others)
  An orc (D:10)
  A fungus (Lair:1)
  A plant (Lair:1)
3 creatures vanquished.

Grand Total: 238 creatures vanquished

Notes
Turn   | Place    | Note
-------+----------+-------------------------------------------
     0 | D:1      | Orthodox the Demonspawn Fighter began the quest for the
                  | Orb.
     0 | D:1      | Reached XP level 1. HP: 18/18 MP: 1/1
   477 | D:1      | Gained mutation: You have a pair of small antennae on your
                  | head. [demonic ancestry]
   477 | D:1      | Reached XP level 2. HP: 21/24 MP: 2/2
  1056 | D:1      | Reached XP level 3. HP: 15/29 MP: 3/3
  1571 | D:2      | Found a faded altar of an unknown god.
  2664 | D:3      | Found an opulent altar of Gozag.
  2670 | D:3      | You fall into a shaft and drop 2 floors!
  2670 | D:5      | Entered Level 5 of the Dungeon
  2710 | D:5      | Noticed a water moccasin
  2726 | D:5      | Killed a water moccasin
  2727 | D:5      | Gained mutation: You have a pair of antennae on your head.
                  | [demonic ancestry]
  2727 | D:5      | Reached XP level 4. HP: 32/38 MP: 4/4
  2727 | D:5      | Reached XP level 5. HP: 37/43 MP: 5/5
  3120 | D:5      | Reached skill level 5 in Fighting
  3131 | D:5      | Noticed an ogre
  3260 | D:3      | Gained mutation: You are surrounded by a mild repulsion
                  | field. (EV +2) [demonic ancestry]
  3260 | D:3      | Reached XP level 6. HP: 51/51 MP: 6/6
  4174 | D:4      | Identified the +1 chain mail "Qityl" {rF- rC+++ Int+4
                  | Stlth+}
  4178 | D:4      | Found a staircase to the Ecumenical Temple.
  4306 | Temple   | Entered the Ecumenical Temple
  4529 | Temple   | Became a worshipper of Warmaster Okawaru
  4799 | D:4      | Reached skill level 1 in Invocations
  4908 | D:4      | Found a hide-covered altar of Uskayaw.
  4939 | D:4      | Found a radiant altar of Vehumet.
  5098 | D:5      | Reached skill level 5 in Maces & Flails
  5098 | D:5      | Reached XP level 7. HP: 48/57 MP: 6/8
  5864 | D:5      | Found a shadowy altar of Dithmenos.
  6047 | D:5      | Reached * piety under Okawaru
  6791 | D:6      | Noticed Sigmund
  6961 | D:6      | Gained mutation: A meltable shield of frost defends you.
                  | (SH +0) [demonic ancestry]
  6961 | D:6      | Reached XP level 8. HP: 60/67 MP: 7/9
  7184 | D:6      | Killed Sigmund
  7622 | D:6      | Identified the +7 falchion of Taoror {vorpal, rC+ rN+
                  | Str+4}
  7643 | D:6      | Found a sparkling altar of Nemelex Xobeh.
  8308 | D:7      | Noticed a cyclops
  8344 | D:7      | Killed a cyclops
  8344 | D:7      | Reached ** piety under Okawaru
  8511 | D:6      | Reached XP level 9. HP: 68/75 MP: 10/10
  8647 | D:7      | Found a hazy altar of Hepliaklqana.
  9052 | D:7      | Found a sacrificial altar of Ru.
 10054 | D:7      | Noticed Joseph
 10082 | D:7      | Killed Joseph
 10337 | D:7      | Reached skill level 10 in Fighting
 10548 | D:7      | Found a shimmering blue altar of Sif Muna.
 11702 | D:8      | Noticed Pikel
 11983 | D:8      | Paralysed by Pikel for 2 turns
 12178 | D:7      | Paralysed by Pikel for 5 turns
 12225 | D:7      | Killed Pikel
 12225 | D:7      | Reached *** piety under Okawaru
 12226 | D:7      | Reached skill level 10 in Maces & Flails
 12226 | D:7      | Gained mutation: You have a pair of large antennae on your
                  | head. (SInv) [demonic ancestry]
 12226 | D:7      | Reached XP level 10. HP: 30/85 MP: 8/11
 13838 | D:8      | Reached skill level 1 in Dodging
 13966 | D:9      | Noticed a red ugly thing
 14485 | D:8      | Reached **** piety under Okawaru
 14707 | D:9      | Found a staircase to the Lair.
 14960 | D:9      | Found a viscous altar of Jiyva.
 16544 | D:10     | Entered Level 10 of the Dungeon
 16555 | Lair:1   | Entered Level 1 of the Lair of Beasts
 16665 | D:10     | Reached skill level 5 in Armour
 16665 | D:10     | Reached skill level 5 in Shields
 16682 | D:10     | Reached XP level 11. HP: 58/90 MP: 10/12
 17393 | D:10     | Noticed a purple ugly thing
 17717 | Lair:1   | Noticed a six-headed hydra
 17728 | Lair:1   | HP: 4/90 [six-headed hydra (13)]
 18214 | D:9      | Killed a red ugly thing
 18773 | D:9      | Killed a purple ugly thing
 18774 | D:9      | Reached skill level 5 in Dodging
 19348 | D:10     | Noticed Josephine
 19363 | D:10     | Paralysed by a hornet for 1 turns
 19899 | D:10     | Killed Josephine
 19922 | D:10     | HP: 4/84 [centaur/arrow (6)]
 20372 | D:10     | Noticed Urug
 21366 | D:10     | Slain by Urug

Illustrated notes

Levels and vault maps discovered:
D:1:      lightli_arrival_isolated_outpost, layout_basic, hangedman_decor_lopped
D:2:      layout_basic, hellmonk_ecumenical_altar_lost_god, wad_orctagon
D:3:      layout_basic, mainiacjoe_overflow_24_doors, kennysheep_generic_room_13
D:4:      layout_cave_pools, overflow_temple_1_default, amcnicky_altar_gilded,
          minmay_temple_entry_ruins
D:5:      layout_basic, nicolae_dithmenos_shadow_blocks, dk_vineyard_3,
          st_stairs_5, kennysheep_cross_room
D:6:      layout_gridville, nemelex_spade_bored_becter, uniq_sigmund
D:7:      layout_basic, nicolae_overflow_crystal_walls,
          nicolae_ru_the_path_less_chosen, kennysheep_orc_sif_temple,
          uniq_joseph
D:8:      layout_rooms, uniq_pikel
D:9:      hellmonk_warped_wall, layout_irregular_city,
          lemuel_coloured_pillars_altar, lair_entry_dummy, jiyva_altar_1
D:10:     layout_roguey, solitary_fountain, kennysheep_dice, uniq_josephine,
          uniq_urug
Temple:   nicolae_temple_figure_eight
Lair:1:   layout_chaotic_city

Skill      XL: |  1  2  3  4  5  6  7  8  9 10 11 |
---------------+----------------------------------+-----
Maces & Flails | 2 3 4 5 6 7 10 | 10.5
Fighting       | 4 5 7 8 10 | 10.1
Invocations    | 1 2 |  2.4
Armour         | 5 6 |  6.3
Shields        | 5 6 |  6.3
Dodging        | 4 5 |  5.7

Action                   |  1- 3 |  4- 6 |  7- 9 | 10-12 || total
-------------------------+-------+-------+-------+-------++-------
Melee: Flail             |   187 |   142 |       |       ||   329
       Mace              |       |    10 |   416 |   218 ||   644
       Whip              |       |       |       |   420 ||   420
Throw: Boomerang         |       |       |       |     6 ||     6
Invok: Heroism           |       |       |    18 |    22 ||    40
Evoke: Wand              |       |       |       |     2 ||     2
  Use: Scroll            |     4 |     2 |     5 |     4 ||    15
       Potion            |     1 |     1 |     2 |     6 ||    10
Armor: Scale mail        |    94 |    77 |   124 |    52 ||   347
       Acid dragon scale |       |       |       |    42 ||    42
Dodge: Dodged            |    92 |    99 |   202 |   215 ||   608
Block: Buckler           |    40 |    52 |   175 |   220 ||   487
